 Dungeon Crawl Stone Soup version 0.29-a0-207-gf982a884d8 (webtiles) character file.

Game seed: 7136383185205593714

61 Zeldest the Shooter (level 4, 0/30 HPs)
             Began as an Octopode Hunter on Feb 23, 2022.
             Was an Initiate of Okawaru.
             Succumbed to an adder's poison
             ... on level 2 of the Dungeon.
             The game lasted 00:01:36 (1474 turns).

Zeldest the Shooter (Octopode Hunter)               Turns: 1474, Time: 00:01:36

Health: 0/30       AC:  1    Str: 13    XL:     4   Next: 7%
Magic:  13/13      EV: 14    Int: 13    God:    Okawaru [......]
Gold:   45         SH:  4    Dex: 14    Spells: 3/3 levels left

rFire   . . .      SeeInvis .   a - +1 shortbow
rCold   . . .      Faith    .   (shield currently unavailable)
rNeg    . . .      Spirit   .   (helmet restricted)
rPois   .          Reflect  .   (no amulet)
rElec   .          Harm     .   h - ring of magical power
rCorr   .          Rampage  .   (no ring)
Will    .....                   (no ring)
Stlth   +++.......              (no ring)
HPRegen 0.10/turn               (no ring)
MPRegen 0.13/turn               (no ring)
                                (no ring)
                                (no ring)

@: lethally poisoned (0 -> -4), attractive, flying
A: almost no armour, amphibious, 8 rings, camouflage 1, gelatinous body 1,
(nimble swimmer 1), tentacles, large bone plates 1, strong 1, MP-powered wands
a: Renounce Religion


You were on level 2 of the Dungeon.
You worshipped Okawaru.
Okawaru was noncommittal.
You visited 1 branch of the dungeon, and saw 2 of its levels.

You collected 45 gold pieces.

Inventory:

Hand Weapons
 a - a +1 shortbow (weapon)
Armour
 c - a +0 tower shield
Jewellery
 h - a ring of magical power (left tentacle)
 j - a ring of positive energy
Scrolls
 d - a scroll of immolation {unknown}
 e - a scroll of fog {unknown}
 f - a scroll of enchant weapon {unknown}
 k - a scroll of identify {unknown}
Potions
 g - 2 potions of attraction


   Skills:
 + Level 2.9 Fighting
 + Level 4.5 Bows
 + Level 2.9 Dodging
 - Level 1.3 Stealth
 + Level 0.4 Invocations


You had 3 spell levels left.
You didn't know any spells.
Your spell library was empty.

Dungeon Overview and Level Annotations

Branches:
Dungeon (2/15)

Altars:
Okawaru


Innate Abilities, Weirdness & Mutations

You cannot wear most types of armour.
You are amphibious.
You can wear up to eight rings at the same time.
Your skin changes colour to match your surroundings (Stealth+).
Your rubbery body absorbs attacks. (AC +1, EV +1)
((You are camouflaged when in or above water. (Stealth+)))
You have tentacles for arms and can constrict up to eight enemies at once.
You are partially covered in large bone plates. (SH +4)
Your muscles are strong. (Str +2)
You expend magic power (3 MP) to strengthen your wands.


Message History

Press: ? - help, Q - select action Shift-Dir - straight line, f/p - adder
Aim: an adder (severely wounded, 46% to hit)
You shoot an arrow. The arrow barely misses the adder.
You feel sick. The adder barely misses you. The adder bites you.
Shoot: a) +1 shortbow
Press: ? - help, Q - select action Shift-Dir - straight line, f/p - adder
Aim: an adder (severely wounded, 46% to hit)
You shoot an arrow. The arrow barely misses the adder.
You feel sick. The adder barely misses you.
Shoot: a) +1 shortbow
Press: ? - help, Q - select action Shift-Dir - straight line, f/p - adder
Aim: an adder (severely wounded, 46% to hit)
You shoot an arrow. The arrow barely misses the adder.
You feel sick. The adder barely misses you. The adder bites you.
* * * LOW HITPOINT WARNING * * *
You are lethally poisoned!
The adder poisons you!
Shoot: a) +1 shortbow
Press: ? - help, Q - select action Shift-Dir - straight line, f/p - adder
Aim: an adder (severely wounded, 46% to hit)
You shoot an arrow. The arrow hits the adder.
The adder is almost dead.
* * * LOW HITPOINT WARNING * * *
You feel sick. The adder closely misses you. The adder bites you.
* * * LOW HITPOINT WARNING * * *
It was a potion of attraction.
You feel attractive to monsters.
* * * LOW HITPOINT WARNING * * *
You feel sick. The adder bites you.
* * * LOW HITPOINT WARNING * * *
It was a potion of mutation.
You feel extremely strange.
You feel stronger.
Large bone plates grow over parts of your tentacles.
You feel your magical essence link to the dungeon's wands.
* * * LOW HITPOINT WARNING * * *
You feel sick. The adder closely misses you.
It was a potion of flight.
You feel very buoyant.
You fly up into the air.
You die...

#.....##.##.
#####.##.##.
#.##.##. #.##.##.
###########.##.#..
#...........##....
#.#########.####..
#.# #.# #.. #@#
#.# ##. #S#
#.###### #†#
#.....# ..#
#####.# .## #.# #.
#.# #. #.# #. #.#
#.#


You could see an adder.

Vanquished Creatures
  An adder (D:2)
  2 dart slugs
  10 ball pythons
  3 bats
  4 endoplasms
  5 giant cockroaches
  2 goblins (D:1)
  4 hobgoblins
  2 kobolds (D:1)
  3 quokkas (D:1)
  2 frilled lizards (D:1)
  5 rats
43 creatures vanquished.

Notes
Turn   | Place    | Note
-------+----------+-------------------------------------------
     0 | D:1      | Zeldest the Octopode Hunter began the quest for the Orb.
     0 | D:1      | Reached XP level 1. HP: 14/14 MP: 1/1
   277 | D:1      | Reached XP level 2. HP: 19/19 MP: 2/2
   654 | D:1      | Reached XP level 3. HP: 25/25 MP: 3/3
  1165 | D:2      | Found an iron altar of Okawaru.
  1258 | D:2      | Became a worshipper of Warmaster Okawaru
  1350 | D:2      | Reached XP level 4. HP: 29/30 MP: 4/4
  1473 | D:2      | Gained mutation: Your muscles are strong. (Str +2) [potion
                  | of mutation]
  1473 | D:2      | Gained mutation: You are partially covered in large bone
                  | plates. (SH +4) [potion of mutation]
  1473 | D:2      | Gained mutation: You expend magic power (3 MP) to
                  | strengthen your wands. [potion of mutation]
  1473 | D:2      | HP: 1/30 [poisoned by an adder]
  1474 | D:2      | Succumbed to an adder's poison

Illustrated notes

Levels and vault maps discovered:
D:1:      lemuel_arrival_funnel, layout_rooms, minmay_misc_feat_cross
D:2:      layout_loops_ring, basic_altar, chequers_serial_rivers_micro_a

Action                   |  1- 3 |  4- 6 || total
-------------------------+-------+-------++-------
 Fire: Shortbow          |    95 |    17 ||   112
  Use: Potion            |       |     3 ||     3
Armor: Skin              |     5 |       ||     5
Dodge: Dodged            |    29 |     7 ||    36

Table legend: (Time is in decaauts)
 A = Elapsed time spent in this place.
 B = Non-inter-level travel time spent in this place.
 C = Inter-level travel time spent in this place.
 D = Time resting spent in this place.
 E = Time spent auto-exploring this place.
 F = Levels seen in this place.
 G = Mean time per level.
                   A        B        C        D        E       F      G
               +--------+--------+--------+--------+--------+-----+--------+
         Total |   1505 |   1487 |     18 |    681 |    564 |   2 |  752.5 |
       Dungeon |   1505 |   1487 |     18 |    681 |    564 |   2 |  752.5 |
               +--------+--------+--------+--------+--------+-----+--------+

Top non-repeatable levels by time:
     D:1: 903 daAuts
     D:2: 601 daAuts
